 Dungeon Crawl Stone Soup version 0.17-a0-1636-g3119f2b (console) character file.

407 utis the Gusty (level 6, 0/37 HPs)
             Began as a Tengu Air Elementalist on Aug 6, 2015.
             Killed from afar by an orc wizard (6 damage)
             ... with a magic dart
             ... on level 3 of the Dungeon.
             The game lasted 00:19:09 (5289 turns).

utis the Gusty (Tengu Air Elementalist)             Turns: 5289, Time: 00:19:09

Health: 0/37       AC:  4    Str:  9    XL:     6   Next: 88%
Magic:  1/10       EV: 16    Int: 17    God:
Gold:   143        SH:  0    Dex: 14    Spells: 4 memorised, 1 level left

rFire  . . .     SeeInvis .     a - +0 trident
rCold  . . .     Clarity  .     t - +0 leather armour
rNeg   . . .     SustAt   .     (no shield)
rPois  .         Gourm    .     (helmet restricted)
rElec  .         Spirit   .     o - +0 cloak
rCorr  .         Warding  .     (no gloves)
rMut   .         Stasis   .     (boots unavailable)
MR     .....                    (no amulet)
Stlth  ++........               (no ring)
                                (no ring)

@: flying quickly and evasively, very slightly contaminated, starving, quick,
not resistant to hostile enchantments, unstealthy
A: beak, talons 3, able to fly 1
a: no special abilities


You were on level 3 of the Dungeon.
You were starving.

You visited 1 branch of the dungeon, and saw 4 of its levels.

You collected 143 gold pieces.

Inventory:

Hand weapons
 a - a +0 trident (weapon)
 b - a +0 hunting sling
 d - a +0 whip
Missiles
 e - 156 stones (quivered)
 g - 4 tomahawks of returning
 l - 7 poisoned needles
 n - 12 sling bullets of frost
 x - 13 sling bullets
Armour
 o - a +0 cloak (worn)
 r - a +0 robe
 t - a +0 leather armour (worn)
 B - a +0 helmet
Jewellery
 p - an uncursed ring of protection from cold {unknown}
 q - an uncursed ring of ice {=f, unknown}
Magical devices
 A - a wand of cold (8)
Scrolls
 j - a scroll of recharging {unknown}
 w - a scroll of magic mapping {unknown}
 y - a scroll of fog
 C - a scroll of remove curse {unknown}
 D - a scroll of identify
Potions
 f - a potion of cure mutation {!q}
 i - a potion of heal wounds
 m - a potion of might
 s - a potion of agility {unknown}
 u - a potion of curing {unknown}
 v - a potion of degeneration {unknown}
 z - a potion of cancellation {unknown}
Books
 h - a book of Air

   Spells                             Type                      Level
   a - Shock                          Conjuration/Air              1
   b - Swiftness                      Charms/Air                   2
   c - Repel Missiles                 Charms/Air                   2
   d - Static Discharge               Conjuration/Air              3
   e - Lightning Bolt                 Conjuration/Air              5
Comestibles
 c - 3 bread rations
 k - 2 meat rations


   Skills:
 + Level 3.1 Fighting
 + Level 4.3 Dodging
 - Level 2.0 Stealth
 - Level 2.0 Spellcasting
 - Level 5.0 Conjurations
 - Level 5.4 Air Magic


You had one spell level left.
You knew the following spells:

 Your Spells              Type           Power        Failure   Level  Hunger
a - Shock                 Conj/Air       ###.         3%          1    #......
b - Static Discharge      Conj/Air       ###.....     12%         3    ###....
r - Repel Missiles        Chrm/Air       ##....       14%         2    ###....
s - Swiftness             Chrm/Air       ##......     14%         2    ###....


Dungeon Overview and Level Annotations

Branches:
Dungeon (4/15)
 Temple: D:4-7

Altars:
Dithmenos
Elyvilon
Ru
Xom

Annotations:
D:4 Zebulonius's ghost, experienced MiBe


Innate Abilities, Weirdness & Mutations

You have a beak for a mouth.
You have claws for feet.
You can fly.


Message History

Something completely misses you.
You miss something.
You hear some strange, mumbled words.
A puff of flame appears from out of thin air!
The puff of flame hits you!
* * * LOW HITPOINT WARNING * * *
You barely miss something. You claw something. Something barely misses you.
You closely miss something. Something hits you.
* * * LOW HITPOINT WARNING * * *
You hear some strange, mumbled words.
A puff of flame appears from out of thin air!
The puff of flame hits you!
* * * LOW HITPOINT WARNING * * *
You are starving!
You miss something. Something closely misses you.
You closely miss something. You claw something.
You hear some strange, mumbled words.
A magic dart appears from out of thin air!
The magic dart hits you!
You die...

...▓ ▓...▓ ▓.......▓ ▓.▓ ▓
...▓▓▓▓▓▓...▓ ▓.......▓ ▓.▓ ▓
▓▓▓▓...▓▓▓▓.▓ ▓.......▓ ▓.▓ ▓
▓...▓ ▓.▓▓▓▓▓▓▓▓▓▓'▓▓ ▓.▓ ▓ ▓...▓
▓....▓ ▓..▓ ▓.▓ ▓
▓▓▓▓...▓▓▓▓....▓ ▓▓.▓ ▓.▓ ▓
...)...'.......▓ ▓.▓ ▓.▓
...▓...▓▓▓▓▓...▓▓▓▓▓▓▓▓.▓▓▓.▓▓▓▓▓
.).▓...▓ ▓.+...'Q{))➘.➘..➘.......
...▓...▓ ▓.▓...▓▓▓▓▓▓▓▓➘▓▓▓.▓▓▓▓▓
...▓...▓▓▓'▓...▓ ▓..........
...▓▓▓▓.....).▓▓ ▓..▓▓.▓▓▓▓▓
.[....▓.......▓ ▓.o▓.......
......▓.......▓ ▓.....▓▓▓▓▓
......▓.......▓ ▓.▓........
......▓.......▓ ▓➘▓o...▓▓▓▓
......+.......▓ ▓o▓▓...▓..▓


There were no monsters in sight!

Vanquished Creatures
  An ogre (D:3)
  A crimson imp (D:3)
  A jelly (D:3)
  Jessica (D:2)
  Terence (D:2)
  An orc wizard (D:3)
  Robin (D:4)
  4 adders
  An ooze (D:1)
  3 worms
  3 giant geckos
  10 orcs (D:3)
  13 bats
  11 hobgoblins
  5 jackals
  12 kobolds
  3 quokkas
  2 ball pythons
  5 giant cockroaches
  A giant gecko skeleton (D:4)
  7 giant newts
  17 goblins
  11 rats
115 creatures vanquished.

Notes
Turn   | Place    | Note
--------------------------------------------------------------
     0 | D:1      | utis the Tengu Air Elementalist began the quest for the Orb.
     0 | D:1      | Reached XP level 1. HP: 10/10 MP: 4/4
   324 | D:1      | Reached XP level 2. HP: 10/15 MP: 0/6
   762 | D:1      | Reached XP level 3. HP: 19/19 MP: 4/7
  1239 | D:2      | Learned a level 3 spell: Static Discharge
  1242 | D:2      | Learned a level 2 spell: Swiftness
  1260 | D:2      | Noticed Jessica
  1284 | D:2      | Killed Jessica
  1284 | D:2      | Reached XP level 4. HP: 22/24 MP: 5/8
  1375 | D:2      | Found a shimmering altar of Xom.
  1378 | D:2      | Found a shadowy altar of Dithmenos.
  1380 | D:2      | Found a sacrificial altar of Ru.
  1443 | D:2      | Found a faded altar to an unknown god.
  2324 | D:2      | Reached skill level 5 in Conjurations
  2434 | D:2      | Noticed Terence
  2455 | D:2      | Killed Terence
  2455 | D:2      | Reached skill level 5 in Air Magic
  2455 | D:2      | Gained mutation: You can fly. [Tengu growth]
  2455 | D:2      | Reached XP level 5. HP: 28/28 MP: 3/9
  2689 | D:3      | Reached skill level 1 in Fighting
  3073 | D:3      | Learned a level 2 spell: Repel Missiles
  3287 | D:3      | Found a white marble altar of Elyvilon.
  3659 | D:3      | Reached XP level 6. HP: 32/35 MP: 6/10
  4165 | D:4      | Noticed an ogre
  4168 | D:4      | Noticed Robin
  4218 | D:3      | Killed an ogre
  4328 | D:4      | Killed Robin
  4651 | D:4      | Noticed Zebulonius's ghost (experienced MiBe)
  5289 | D:3      | Killed from afar by an orc wizard

Vault maps used:
D:1:      tarquinn_simple_flora_water_f, minmay_surrounded
D:2:      nicolae_overflow_hidden_temple, ecumenical_altar_2, uniq_jessica,
          uniq_terence
D:3:      lemuel_doored_altar, first_bread
D:4:      nicolae_ossuary_entry_catacombs, fedhas_bush_and_centaur_altar,
          uniq_robin, uniq_crazy_yiuf_cottage

Action                   |  1- 3 |  4- 6 || total
-------------------------+-------+-------++-------
Melee: Whip              |    11 |    10 ||    21
       Trident           |       |   155 ||   155
 Fire: Hunting sling     |       |    17 ||    17
Throw: Stone             |    35 |   106 ||   141
 Cast: Shock             |    33 |    59 ||    92
       Static Discharge  |       |     5 ||     5
       Repel Missiles    |       |     1 ||     1
 Abil: Fly               |       |    10 ||    10
  Use: Scroll            |       |     7 ||     7
 Stab: Sleeping          |       |     2 ||     2
  Eat: Chunk             |     2 |    12 ||    14
       Beef jerky        |       |     1 ||     1
